AoeStats
← K

Arena

510127692Analyzed
4v4 RM · 3d ago on Sep 29, 2026· 67m 8s· 8 players
Game mode
Random Map
Map size
Large (8 player)
Population
200
Speed
Normal
Resources
Standard
Victory
Conquest
Starting age
Dark Age
Ending age
Imperial Age
RankedLock teamsTeams togetherTeam positionsShared explorationLock speedFull tech treeHidden civsTurbo modeCheats
Victory
Defeat
🇭🇰 Koreans · Hong Kong SAR China
1118
+14
🇬🇧 Wei · United Kingdom
1106
+15
🇲🇽 Persians · Mexico
1105
+15
🇭🇰 Vietnamese · Hong Kong SAR China
1037
+18
🇨🇳 Poles · China
1146
-18
🇨🇳 Spanish · China
1083
-16
🇬🇧 Khmer · United Kingdom
1073
-15
🇺🇸 Britons · United States
1023
-13
Ux'RaulitoMD
11:09 Feudal Age
12:17 Loom
14:48 Castle Age
12:48 Double-Bit Axe
12:56 Horse Collar
13:55 Scale Barding Armor
15:31 Wheelbarrow
14:46 Town Watch
23:47 Bow Saw
26:09 Forging
25:51 Fletching
29:40 Imperial Age
27:34 Hand Cart
27:20 Town Patrol
28:35 Heavy Plow
29:23 Chain Barding Armor
29:38 Iron Casting
28:59 Bodkin Arrow
29:05 Scale Mail Armor
29:05 Padded Archer Armor
30:13 Stone Mining
30:14 Gold Mining
31:29 Chemistry
30:49 Ballistics
30:25 Murder Holes
30:41 Masonry
31:11 Plate Barding Armor
31:15 Crop Rotation
31:16 Husbandry
31:27 Bloodlines
30:39 Heavy Camel Rider
33:01 Two-Man Saw
32:43 Gold Shaft Mining
32:44 Stone Shaft Mining
33:13 Blast Furnace
32:28 Light Cavalry
33:58 Citadels
34:09 Conscription
34:25 Hoardings
33:36 Cavalier
34:32 Hussar
36:39 Chain Mail Armor
36:40 Leather Archer Armor
36:24 Savar
39:21 Plate Mail Armor
40:58 Ring Archer Armor
41:02 Architecture
42:52 Kamandaran
45:29 Thumb Ring
44:45 Crossbowman
44:46 Elite Skirmisher
46:43 Squires
46:29 Arson
46:06 Pikeman
47:33 Capped Ram
47:48 Halberdier
49:27 Imperial Skirmisher
49:52 Siege Ram
51:46 Caravan
54:25 Siege Ram
58:09 Onager
曠曠曠曠曠曠工
10:39 Feudal Age
12:53 Double-Bit Axe
15:35 Castle Age
13:18 Horse Collar
13:34 Gold Mining
17:21 Bow Saw
17:19 Heavy Plow
17:17 Loom
17:50 Husbandry
21:29 Scale Barding Armor
23:28 Wheelbarrow
23:49 Chain Barding Armor
25:59 Hand Cart
26:04 Bloodlines
25:50 Fletching
27:06 Town Watch
28:15 Bodkin Arrow
28:31 Forging
32:30 Stone Mining
35:43 Imperial Age
32:56 Treadmill Crane
34:41 Thumb Ring
33:57 Elite Skirmisher
35:40 Iron Casting
36:12 Ballistics
36:05 Fortified Wall
36:54 Gold Shaft Mining
36:37 Heavy Hei Guang Cavalry
38:06 Tuntian
38:58 Crop Rotation
39:42 Light Cavalry
41:46 Blast Furnace
41:12 Conscription
41:33 Bracer
42:36 Chemistry
41:48 Masonry
41:21 Hussar
44:39 Ming Guang Armor
46:00 Town Patrol
46:02 Padded Archer Armor
46:02 Murder Holes
46:01 Heated Shot
52:23 Hoardings
60:11 Caravan
60:26 Elite Tiger Cavalry
62:26 Murder Holes
65:33 Fervor
建興法師
11:22 Feudal Age
15:03 Castle Age
13:13 Double-Bit Axe
13:09 Horse Collar
16:00 Bow Saw
19:12 Loom
30:43 Imperial Age
28:51 Wheelbarrow
27:54 Crossbowman
28:59 Fletching
30:03 Hand Cart
29:53 Padded Archer Armor
30:17 Thumb Ring
30:10 Bodkin Arrow
31:29 Bracer
31:59 Leather Archer Armor
32:48 Ballistics
32:32 Arbalester
34:11 Ring Archer Armor
34:43 Chemistry
34:47 Siege Engineers
37:43 Pikeman
38:24 Scale Mail Armor
38:35 Forging
40:36 Iron Casting
40:17 Chain Mail Armor
42:07 Two-Man Saw
42:00 Elite Skirmisher
46:28 Halberdier
50:01 Plate Mail Armor
49:52 Squires
65:28 Caravan
伐伐伐伐伐木工
10:52 Feudal Age
14:30 Castle Age
12:55 Double-Bit Axe
12:52 Horse Collar
13:36 Loom
15:20 Bow Saw
17:38 Wheelbarrow
24:05 Fletching
29:51 Hand Cart
36:25 Imperial Age
34:25 Bodkin Arrow
34:29 Gold Mining
34:37 Treadmill Crane
36:47 Ballistics
36:22 Elite Skirmisher
36:56 Town Watch
38:05 Conscription
37:44 Stone Mining
39:22 Two-Man Saw
38:45 Heavy Plow
39:04 Bracer
38:42 Imperial Skirmisher
40:44 Chemistry
42:24 Gold Shaft Mining
44:13 Masonry
45:34 Eupseong
47:26 Coinage
48:24 Architecture
48:00 Siege Engineers
49:35 Banking
51:16 Caravan
54:51 Scale Mail Armor
55:02 Forging
54:54 Squires
54:39 Arson
54:15 Elite Fire Lancer
57:18 Chain Mail Armor
57:38 Iron Casting
59:19 Plate Mail Armor
60:11 Stone Shaft Mining
58:59 Pikeman
65:05 Shinkichon
65:03 Heavy Rocket Cart
YuangXue
9:48 Feudal Age
10:42 Double-Bit Axe
13:55 Castle Age
13:20 Horse Collar
33:29 Bow Saw
42:05 Heavy Plow
43:02 Wheelbarrow
45:03 Husbandry
45:42 Hand Cart
48:02 Gold Mining
48:05 Stone Mining
47:43 Light Cavalry
51:27 Bloodlines
52:42 Scale Barding Armor
52:48 Forging
60:10 Squires
59:44 Pikeman
60:10 Gambesons
60:10 Arson
67:32 Imperial Age
67:54 Imperial Age
SAOWEN
12:06 Feudal Age
13:39 Double-Bit Axe
13:36 Horse Collar
16:09 Castle Age
18:04 Bow Saw
17:57 Heavy Plow
22:09 Wheelbarrow
23:17 Bloodlines
24:00 Husbandry
24:02 Gold Mining
25:42 Scale Barding Armor
25:48 Forging
26:07 Hand Cart
26:05 Loom
26:57 Chain Barding Armor
27:14 Stone Mining
29:06 Stone Shaft Mining
29:54 Iron Casting
32:51 Imperial Age
30:48 Szlachta Privileges
32:49 Light Cavalry
34:32 Blast Furnace
33:20 Cavalier
34:20 Winged Hussar
35:56 Conscription
37:32 Thumb Ring
38:47 Lechitic Legacy
38:55 Caravan
39:25 Coinage
45:54 Masonry
45:40 Murder Holes
46:06 Ballistics
49:45 Banking
51:26 Hoardings
56:33 Crop Rotation
56:14 Siege Engineers
K
10:30 Feudal Age
12:27 Double-Bit Axe
15:15 Castle Age
13:21 Horse Collar
22:27 Bow Saw
23:09 Wheelbarrow
22:44 Heavy Plow
23:43 Gold Mining
23:46 Stone Mining
27:59 Imperial Age
25:46 Hand Cart
26:33 Scale Barding Armor
26:36 Loom
26:38 Town Watch
27:32 Gold Shaft Mining
28:17 Stone Shaft Mining
27:48 Tusk Swords
28:11 Chain Barding Armor
29:29 Plate Barding Armor
30:35 Chemistry
29:58 Husbandry
30:08 Bloodlines
30:43 Forging
30:08 Elite Ballista Elephant
31:17 Conscription
30:21 Pikeman
30:47 Arson
32:06 Iron Casting
31:38 Halberdier
32:36 Scale Mail Armor
34:29 Blast Furnace
33:47 Chain Mail Armor
34:13 Crop Rotation
35:30 Ballistics
35:06 Fletching
41:56 Bodkin Arrow
42:02 Padded Archer Armor
42:17 Siege Engineers
42:22 Masonry
42:15 Double Crossbow
55:23 Hoardings
Phoenix
11:42 Feudal Age
16:03 Castle Age
14:10 Double-Bit Axe
14:17 Gold Mining
14:13 Horse Collar
16:58 Wheelbarrow
17:08 Bow Saw
22:54 Loom
27:59 Imperial Age
25:37 Treadmill Crane
27:41 Fletching
28:46 Gold Shaft Mining
28:05 Heated Shot
28:36 Ballistics
28:12 Murder Holes
28:17 Elite Longbowman
29:22 Bodkin Arrow
30:31 Pikeman
31:33 Bracer
31:17 Halberdier
33:13 Chemistry
34:51 Conscription
34:53 Padded Archer Armor
35:06 Town Watch
35:54 Scale Mail Armor
36:05 Forging
36:11 Leather Archer Armor
37:22 Hand Cart
37:07 Town Patrol
37:26 Chain Mail Armor
37:59 Yeomen
37:52 Squires
37:39 Arson
39:49 Man-at-Arms
41:05 Man-at-Arms
41:30 Gambesons
42:22 Plate Mail Armor
42:27 Iron Casting
41:49 Long Swordsman
42:28 Two-Handed Swordsman
42:56 Two-Handed Swordsman
44:50 Champion
49:49 Scale Barding Armor
49:37 Light Cavalry
56:21 Chain Barding Armor
58:32 Elite Skirmisher
Connection lost

Rejoining the realm…

Still unreachable

The connection could not be restored.

Session expired

The server has moved on; the page needs a fresh start.